 Dungeon Crawl Stone Soup version 0.23.0-3-gf3c87f2df8 (webtiles) character file.

Game seed: 12788785947842415200

21 Gargoyl the Skirmisher (level 2, -3/26 HPs)
             Began as a Centaur Abyssal Knight on Feb 21, 2019.
             Was a Follower of Lugonu.
             Slain by a gnoll
             ... wielding a +0 halberd
              (12 damage)
             ... on level 2 of the Dungeon.
             The game lasted 00:01:52 (1121 turns).

Gargoyl the Skirmisher (Centaur Abyssal Knight)     Turns: 1121, Time: 00:01:53

Health: -3/26      AC:  8    Str: 14    XL:     2   Next: 65%
Magic:  3/3        EV:  1    Int: 11    God:    Lugonu [*.....]
Gold:   57         SH:  0    Dex:  8    Spells: 1/1 levels left

rFire    . . .     SeeInvis +   a - +1 hand axe
rCold    . . .     Gourm    .   (no shield)
rNeg     . . .     Faith    .   h - +0 plate armour
rPois    +         Spirit   .   (no helmet)
rElec    .         Reflect  .   (no cloak)
rCorr    .         Harm     .   (no gloves)
MR       .....                  (no barding)
Stlth    ..........             (no amulet)
HPRegen  0.08/turn              e - ring of Haomaate {rPois SInv}
MPRegen  0.08/turn              (no ring)

@: very quick
A: large, hooves 3, deformed body, speed 2, tough skin 3
a: Depart the Abyss, Renounce Religion


You were on level 2 of the Dungeon.
You worshipped Lugonu.
Lugonu was aware of your devotion.
You were not hungry.

You visited 1 branch of the dungeon, and saw 2 of its levels.
You visited the Abyss 1 time.

You collected 57 gold pieces.

Inventory:

Hand Weapons
 a - a +1 hand axe (weapon)
Armour
 h - a +0 plate armour (worn)
Jewellery
 e - the ring of Haomaate (left hand) {rPois SInv}
   (You found it on level 2 of the Abyss)

   [ring of see invisible]

   It protects you from poison.
   It lets you see invisible.
Scrolls
 f - a scroll of magic mapping
Potions
 b - a potion of might {unknown}
Miscellaneous
 d - a phial of floods
Comestibles
 c - 3 rations


   Skills:
 + Level 3.3 Fighting
 + Level 1.9 Axes
 * Level 1.7 Armour
 * Level 0.9 Dodging
 * Level 2.2 Invocations


You had one spell level left.
You didn't know any spells.
Your spell library was empty.

Dungeon Overview and Level Annotations

Branches:
Dungeon (2/15)

Altars:


Innate Abilities, Weirdness & Mutations

You have hooves in place of feet.
Armour fits poorly on your strangely shaped body.
You cover ground very quickly.
You have extremely tough skin. (AC +3)


Message History

You hit the goblin.
You kill the goblin!
Lugonu accepts your kill.
A gnoll comes into view. It is wielding a +0 halberd.
A gnoll is nearby!
The gnoll hits you but does no damage.
A gnoll comes into view. It is wielding a +0 flail.
The gnoll shouts!
You hear a shout!
A gnoll comes into view. It is wielding a +0 spear.
The gnoll hits you with a +0 halberd!
You hit the gnoll.
The gnoll is moderately wounded.
The gnoll hits you with a +0 halberd!
You hit the gnoll.
The gnoll is heavily wounded.
The gnoll hits you but does no damage.
You hit the gnoll but do no damage.
The gnoll is heavily wounded.
The gnoll hits you with a +0 halberd!
You die...

**,,,********* #..,,*###.#
*,,,* #.#*** #.# *,,,* #.# #.#
**,,,****** #.#######.#
,,,,,,,,,.######.........#
***,,****................# *,,*
*#######.######### *,,* ###.#
*,,* *#..@# *******
*,,*******#...g# *,,,,,,
*,,,,,,.......g# *,*****
*,,****####....# *,* *,,*
####g#* *,*
*,,**********...*********,*
*,,,,,,,,,,,,...,,,,,,,,,,*****
**,**********...********,,,,,,,
*,,,,,,,,,,,,,>,,,,,,,,,,*****


You could see 3 gnolls.

Vanquished Creatures
  4 bats (D:1)
  2 giant cockroaches (D:1)
  5 goblins
  2 hobgoblins (D:1)
  2 jackals (D:1)
  A kobold (D:2)
  A frilled lizard (D:1)
  2 rats (D:1)
19 creatures vanquished.

Notes
Turn   | Place    | Note
-------+----------+-------------------------------------------
     0 | Abyss:1  | Gargoyl the Centaur Abyssal Knight began the quest for the
                  | Orb.
     0 | Abyss:1  | Reached XP level 1. HP: 19/19 MP: 2/2
    27 | Abyss:1  | Noticed a tentacled starspawn
   113 | Abyss:2  | Noticed an ice devil
   127 | Abyss:2  | Got a twitching marble ring
   128 | D:1      | Escaped the Abyss
   129 | D:1      | Identified the ring of Haomaate {rPois SInv} (You found it
                  | on level 2 of the Abyss)
   335 | D:1      | Reached * piety under Lugonu
   406 | D:1      | Reached XP level 2. HP: 26/26 MP: 3/3
  1121 | D:2      | Slain by a gnoll

Action                   || total
-------------------------++-------
Melee: Hand axe          ||    54
       Kick              ||     6
Invok: Depart the Abyss  ||     1
  Use: Scroll            ||     3
Armor: Leather armour    ||    13
       Plate armour      ||    32
Dodge: Dodged            ||    30
